 Dungeon Crawl Stone Soup version 0.16.0 (webtiles) character file.

1197 superradish the Protected (level 8, -3/56 HPs)
             Began as a Human Assassin on Mar 13, 2015.
             Was an Initiate of Dithmenos.
             Slain by a scorpion (8 damage)
             ... on level 6 of the Dungeon.
             The game lasted 00:21:26 (5727 turns).

superradish the Protected (Human Assassin)          Turns: 5727, Time: 00:21:26

Health: -3/56      AC:  9    Str: 11    XL:     8   Next: 72%
Magic:  8/8        EV: 10    Int: 11    God:    Dithmenos [......]
Gold:   212        SH:  4    Dex: 18    Spells: 0 memorised, 7 levels left

rFire  . . .     SeeInvis .     a - +2 dagger
rCold  . . .     Clarity  .     o - +0 ring mail
rNeg   . . .     SustAb   .     j - +0 buckler
rPois  .         Gourm    .     (helmet restricted)
rElec  .         Spirit   .     d - +1 cloak
rCorr  .         Warding  .     (no gloves)
rMut   .         Stasis   .     (no boots)
MR     +....                    (no amulet)
Stlth  ++........               (no ring)
                                k - ring of protection from magic

@: lethally poisoned (-3 -> -6), somewhat resistant to hostile enchantments,
unstealthy
A: antennae 1, talons 1, spit poison 1
a: Spit Poison, Renounce Religion


You were on level 6 of the Dungeon.
You worshipped Dithmenos.
Dithmenos was noncommittal.
You were not hungry.

You visited 2 branches of the dungeon, and saw 7 of its levels.

You collected 212 gold pieces.

Inventory:

Hand weapons
 a - a +2 dagger (weapon)
 b - a +0 blowgun
 t - a +0 short sword
Missiles
 r - 3 needles of slowing
Armour
 d - a +1 cloak (worn)
 j - a +0 buckler (worn)
 o - a +0 ring mail (worn)
Jewellery
 k - a ring of protection from magic (left hand)
 n - an uncursed amulet of rage {unknown}
 u - an uncursed ring of protection from cold
Scrolls
 c - a scroll of fog
 h - a scroll of amnesia
 i - a scroll of immolation {unknown}
 l - a scroll of teleportation
 v - a scroll of blinking {unknown}
Potions
 s - a potion of magic
 x - a potion of flight
Comestibles
 g - 4 bread rations
 m - 2 meat rations
 q - a chunk of flesh


   Skills:
 - Level 2.0 Fighting
 - Level 2.0 Short Blades
 - Level 2.0 Throwing
 + Level 9.6 Armour
 - Level 2.0 Dodging
 - Level 4.0 Stealth


You had 7 spell levels left.
You didn't know any spells.

Dungeon Overview and Level Annotations

Branches:
Dungeon (6/15)             Temple (1/1) D:4

Altars:
Ashenzari
Cheibriados
Dithmenos
Elyvilon
Fedhas
Gozag
Kikubaaqudgha
Makhleb
Nemelex Xobeh
Okawaru
Qazlal
Ru
Sif Muna
Trog
Vehumet
Yredelemnul
Zin
The Shining One

Annotations:
D:4 Cuatto's ghost, experienced HOGl


Innate Abilities, Weirdness & Mutations

You have a pair of small antennae on your head.
You have sharp toenails.
You can spit poison.


Message History

You hit the scorpion but do no damage.
You claw the scorpion, but do no damage.
The scorpion is heavily wounded.
The scorpion closely misses you.
You barely miss the scorpion.
You claw the scorpion, but do no damage.
The scorpion is heavily wounded.
You feel sick.
You hit the scorpion but do no damage.
The scorpion is heavily wounded.
You feel sick.
The scorpion stings you but does no damage.
You hit the scorpion.
The scorpion is severely wounded.
The scorpion closely misses you.
You hit the scorpion but do no damage.
You claw the scorpion, but do no damage.
The scorpion is severely wounded.
You feel sick. The scorpion stings you!
You die...

############
........@s.#
...........#
..........((.
######.#######
#. #. .. ##


You could see a scorpion.

Vanquished Creatures
  Grinder (D:5)
  The ghost of neriuni the Sneak, an average SpEn (D:5)
  The ghost of superradish the Sneak, an average HuAs (D:3)
  A sky beast (D:5)
  A phantom (D:5)
  An ogre (D:4)
  A giant frog (D:6)
  A jelly (D:5)
  An orc priest (D:3)
  An orc wizard (D:3)
  2 worker ants
  2 iguanas (D:4)
  Jessica (D:2)
  A hound zombie (D:5)
  7 adders
  3 gnolls (D:4)
  A giant mite (D:4)
  3 worms
  4 giant geckos
  2 oozes
  4 orcs
  A bat skeleton (D:4)
  19 goblins
  9 hobgoblins
  4 jackals
  3 ball pythons
  9 bats
  4 giant cockroaches
  4 giant newts
  A jackal zombie (D:5)
  8 kobolds
  15 rats
117 creatures vanquished.

Notes
Turn   | Place    | Note
--------------------------------------------------------------
     0 | D:1      | superradish, the Human Assassin, began the quest for the Orb.
     0 | D:1      | Reached XP level 1. HP: 16/16 MP: 1/1
   257 | D:1      | Reached XP level 2. HP: 12/22 MP: 2/2
   574 | D:1      | Reached skill level 1 in Armour
  1133 | D:2      | Reached XP level 3. HP: 27/27 MP: 3/3
  1330 | D:2      | Noticed Jessica
  1337 | D:2      | Killed Jessica
  1520 | D:2      | Reached XP level 4. HP: 24/33 MP: 4/4
  2075 | D:3      | Reached XP level 5. HP: 32/38 MP: 5/5
  2223 | D:3      | Noticed superradish's ghost (average HuAs)
  2265 | D:3      | Killed superradish's ghost
  2265 | D:3      | Reached skill level 5 in Armour
  2265 | D:3      | Reached XP level 6. HP: 28/44 MP: 6/6
  2515 | D:3      | Found a bloodstained altar of Trog.
  2943 | D:4      | Reached skill level 6 in Armour
  3017 | D:4      | Reached XP level 7. HP: 50/50 MP: 7/7
  3063 | D:4      | Found a staircase to the Ecumenical Temple.
  3103 | D:4      | Noticed Cuatto's ghost (experienced HOGl)
  3381 | D:5      | Entered Level 5 of the Dungeon
  3781 | Temple   | Entered the Ecumenical Temple
  3892 | Temple   | Became a worshipper of Dithmenos the Shadowed
  4022 | D:4      | Reached skill level 7 in Armour
  4184 | D:5      | Noticed neriuni's ghost (average SpEn)
  5047 | D:5      | Reached skill level 8 in Armour
  5047 | D:5      | Reached XP level 8. HP: 56/56 MP: 8/8
  5051 | D:5      | Gained mutation: You have sharp toenails. [mutagenic meat]
  5052 | D:5      | Gained mutation: You can spit poison. [mutagenic meat]
  5053 | D:5      | Gained mutation: You have a pair of small antennae on your head. [mutagenic meat]
  5219 | D:5      | Noticed Grinder
  5229 | D:5      | Killed Grinder
  5255 | D:5      | Killed neriuni's ghost
  5255 | D:5      | Reached skill level 9 in Armour
  5727 | D:6      | Slain by a scorpion

Action                   |  1- 3 |  4- 6 |  7- 9 || total
-------------------------+-------+-------+-------++-------
Melee: Dagger            |    18 |   128 |   217 ||   363
       Short sword       |       |       |     6 ||     6
 Fire: Blowgun           |    31 |    22 |    13 ||    66
 Abil: Spit Poison       |       |       |     1 ||     1
  Use: Scroll            |     4 |     3 |     7 ||    14
       Potion            |       |     6 |     5 ||    11
 Stab: Sleeping          |    16 |     7 |     4 ||    27
  Eat: Chunk             |     1 |     2 |     5 ||     8
       Royal jelly       |       |     1 |       ||     1
       Pizza             |       |     1 |       ||     1
       Beef jerky        |       |     1 |       ||     1
       Bread ration      |       |       |     1 ||     1
       Fruit             |       |       |     3 ||     3
